AoeStats
← MZTK | GaboxNet .i.

Pilgrims

510172790Analyzed
3v3 RM · 1d ago on Sep 29, 2026· 20m 42s· 6 players
Game mode
Random Map
Map size
Normal (6 player)
Population
200
Speed
Normal
Resources
Standard
Victory
Conquest
Starting age
Dark Age
Ending age
Imperial Age
RankedLock teamsTeams togetherTeam positionsShared explorationLock speedFull tech treeHidden civsTurbo modeCheats
Victory
Defeat
🇲🇽 Danes · Mexico
1273
+14
🇲🇽 Varangians · Mexico
1213
+16
🇲🇽 Italians · Mexico
1199
+18
🇫🇷 Spanish · France
1242
-17
🇫🇷 Wu · France
1225
-16
🇫🇷 Lithuanians · France
1204
-15
HAMZA LA DOUANE
7:27 Loom
8:12 Loom
10:24 Feudal Age
20:01 Castle Age
20:41 Bloodlines
20:42 Forging
20:38 Scale Barding Armor
20:35 Fletching
Pitipenix
8:51 Loom
11:21 Feudal Age
14:25 Fletching
BaBaR
7:39 Loom
12:05 Feudal Age
14:15 Fletching
14:44 Double-Bit Axe
rakz
5:37 Loom
13:47 Feudal Age
16:00 Fishing Lines
18:46 Castle Age
17:52 Forging
17:55 Arson
18:44 Scale Barding Armor
MZTK | GaboxNet .i.
9:06 Loom
11:18 Feudal Age
12:09 Double-Bit Axe
15:58 Fishing Lines
21:51 Castle Age
MZTK l ROD
8:12 Loom
11:16 Feudal Age
11:42 Fishing Lines
21:21 Wheelbarrow
Connection lost

Rejoining the realm…

Still unreachable

The connection could not be restored.

Session expired

The server has moved on; the page needs a fresh start.